 Dungeon Crawl Stone Soup version 0.16.1-11-g651b585 (webtiles) character file.

172 Radiman the Digger (level 5, -7/28 HPs)
             Began as a Gargoyle Earth Elementalist on Mar 31, 2015.
             Killed by divine providence
             ... invoked by an orc priest
              (10 damage)
             ... on level 4 of the Dungeon.
             The game lasted 00:18:26 (3089 turns).

Radiman the Digger (Gargoyle Earth Elementalist)    Turns: 3089, Time: 00:18:27

Health: -7/28      AC: 12    Str: 11    XL:     5   Next: 53%
Magic:  13/13      EV: 12    Int: 17    God:
Gold:   176        SH:  0    Dex: 10    Spells: 3 memorised, 6 levels left

rFire  . . .     SeeInvis .     p - +2 whip (holy)
rCold  . . .     Clarity  .     c - +0 robe
rNeg   + . .     SustAb   .     (no shield)
rPois  ∞         Gourm    .     (no helmet)
rElec  +         Spirit   .     j - +0 cloak
rCorr  .         Warding  .     (no gloves)
rMut   .         Stasis   .     o - +2 pair of boots
MR     .....                    (no amulet)
Stlth  ++........               (no ring)
                                f - +2 ring of protection

@: not resistant to hostile enchantments, unstealthy
A: negative energy resistance 1, electricity resistance, unbreathing,
petrification resistance, rot immunity, AC +4
a: no special abilities


You were on level 4 of the Dungeon.
You were not hungry.

You visited 1 branch of the dungeon, and saw 4 of its levels.

You collected 176 gold pieces.

Inventory:

Hand weapons
 p - a +2 whip of holy wrath (weapon)
 v - a +0 morningstar
Missiles
 b - 59 stones (quivered)
Armour
 c - a +0 robe (worn)
 j - a +0 cloak (worn)
 o - a +2 pair of boots (worn)
Jewellery
 f - a +2 ring of protection (left hand)
Scrolls
 h - 2 scrolls of remove curse
 i - a scroll of recharging {unknown}
 l - 2 scrolls of enchant armour {unknown}
 t - a scroll of magic mapping {unknown}
 u - a scroll of fog {unknown}
Potions
 n - a potion of resistance
 q - a potion of restore abilities
 r - a potion of lignification
 s - a potion of heal wounds {unknown}
Books
 d - a book of Geomancy

   Spells                             Type                      Level
   a - Sandblast                      Earth                        1
   b - Stoneskin                      Transmutation/Earth          2
   c - Passwall                       Transmutation/Earth          3
   d - Stone Arrow                    Conjuration/Earth            3
   e - Petrify                        Transmutation/Earth          4
   f - Lee's Rapid Deconstruction     Earth                        5
Comestibles
 a - 5 bread rations
 g - 2 meat rations
 k - 6 fruits
 m - a slice of pizza


   Skills:
 - Level 1.5 Dodging
 - Level 2.1 Stealth
 * Level 4.3 Spellcasting
 + Level 0.7 Conjurations
 - Level 0.7 Transmutations
 + Level 4.9 Earth Magic


You had 6 spell levels left.
You knew the following spells:

 Your Spells              Type           Power        Failure   Level  Hunger
a - Sandblast             Erth           ###...       1%          1    None
b - Stoneskin             Trmt/Erth      ##......     10%         2    ##.....
c - Stone Arrow           Conj/Erth      ##....       17%         3    ###....


Dungeon Overview and Level Annotations

Branches:
Dungeon (4/15)
 Temple: D:4-7

Altars:
Fedhas

Annotations:
D:3 dxcTest1's ghost, average HEHu
D:4 Prince Ribbit


Innate Abilities, Weirdness & Mutations

You are resistant to torment.
You are immune to poison.
Your stone body is very resilient (AC +4).
You resist negative energy.
You are resistant to electric shocks.
You can survive without breathing.
You are immune to petrification.
You are immune to rotting.


Message History

The orc priest barely misses you.
Prince Ribbit comes into view.
You hit the orc priest.
The orc priest is moderately wounded.
The orc completely misses you. The orc priest misses you.
The orc throws a stone.
The stone hits you but does no damage.
You see here 2 stones.
The orc throws a stone.
The stone closely misses you.
The orc priest invokes the aid of Beogh against you.
Something smites you!
The orc throws a stone.
The stone hits you but does no damage. The orc closely misses you.
The orc priest invokes the aid of Beogh against you.
Something smites you!
* * * LOW HITPOINT WARNING * * *
You see here a stone.
The orc throws a stone.
The stone barely misses you.
The orc priest mumbles some strange prayers to Beogh against you.
Something smites you!
You die...

####.### #.........
......#.## .......<#
....#.# # #.....
#.##.#.#######
#.).().........
########@#.##..#.#
...........†.....#Z#
#.###.#Fo#.........#
# #..#.....#...
#..#..$..# .
#.o#..<#.#.#
#(o#.#)#.#.###.#
#..(.(.o.......#
#.##.#(....#####


You could see Prince Ribbit, an orc priest and 2 orcs.

Vanquished Creatures
  Ijyb (D:2)
  Terence (D:2)
  5 adders
  A giant mite (D:2)
  3 worms (D:2)
  An adder skeleton (D:4)
  3 giant geckos
  2 oozes
  2 orcs (D:4)
  A ball python (D:1)
  3 giant cockroaches
  2 goblins
  7 hobgoblins
  9 kobolds
  3 quokkas
  14 bats
  3 giant newts (D:1)
  2 rats (D:2)
63 creatures vanquished.

Notes
Turn   | Place    | Note
--------------------------------------------------------------
     0 | D:1      | Radiman, the Gargoyle Earth Elementalist, began the quest for the Orb.
     0 | D:1      | Reached XP level 1. HP: 10/10 MP: 3/3
   230 | D:1      | Reached XP level 2. HP: 15/15 MP: 0/5
   418 | D:1      | Learned a level 2 spell: Stoneskin
   503 | D:1      | Reached skill level 4 in Earth Magic
   998 | D:2      | Found a blossoming altar of Fedhas.
  1002 | D:2      | Reached XP level 3. HP: 19/19 MP: 4/6
  1728 | D:2      | Noticed Terence
  1750 | D:2      | Killed Terence
  1750 | D:2      | Reached XP level 4. HP: 24/24 MP: 0/9
  1871 | D:2      | Noticed Ijyb
  1973 | D:2      | Killed Ijyb
  2090 | D:2      | Learned a level 3 spell: Stone Arrow
  2292 | D:3      | Noticed dxcTest1's ghost (average HEHu)
  2416 | D:3      | Reached XP level 5. HP: 28/28 MP: 8/12
  3079 | D:4      | Noticed Prince Ribbit
  3089 | D:4      | Killed from afar by an orc priest

Action                   |  1- 3 |  4- 6 || total
-------------------------+-------+-------++-------
Melee: Mace              |    37 |    17 ||    54
       Whip              |       |    14 ||    14
 Cast: Sandblast         |    78 |   100 ||   178
  Use: Scroll            |     1 |     4 ||     5
  Eat: Chunk             |     3 |     4 ||     7
